 Dungeon Crawl Stone Soup version 0.27.0-66-gdc8fb28755 (webtiles) character file.

Game seed: 9205102033883578417

9 Thatpatchoflichen the Sneak (level 2, 0/15 HPs)
             Began as a Kobold Enchanter on Aug 19, 2021.
             Slain by a gnoll (2 damage)
             ... on level 1 of the Dungeon.
             The game lasted 00:00:55 (290 turns).

Thatpatchoflichen the Sneak (Kobold Enchanter)       Turns: 290, Time: 00:00:56

Health: 0/15       AC:  2    Str:  5    XL:     2   Next: 20%
Magic:  4/5        EV: 15    Int: 16    God:
Gold:   29         SH:  0    Dex: 15    Spells: 4/5 levels left

rFire    . . .     SeeInvis .   a - +1 dagger
rCold    . . .     Faith    .   (shield restricted)
rNeg     . . .     Spirit   .   b - +0 robe
rPois    .         Reflect  .   (no helmet)
rElec    .         Harm     .   (no cloak)
rCorr    .         Rampage  .   (no gloves)
Will     .....                  (no boots)
Stlth    ++++......             (no amulet)
HPRegen  0.05/turn              (no ring)
MPRegen  0.09/turn              (no ring)

@: no status effects
A: small, no large weapons, nightstalker 3
a: no special abilities


You were on level 1 of the Dungeon.
You visited 1 branch of the dungeon, and saw 1 of its levels.

You collected 29 gold pieces.

Inventory:

Hand Weapons
 a - a +1 dagger (weapon)
Armour
 b - a +0 robe (worn)
Scrolls
 d - a scroll of enchant weapon {unknown}
 e - a scroll of identify {unknown}
 f - a scroll of teleportation {unknown}
Potions
 c - a potion of flight {unknown}


   Skills:
 - Level 1.3 Short Blades
 - Level 2.4 Dodging
 - Level 4.0 Stealth
 - Level 2.1 Spellcasting
 + Level 3.6 Hexes


You had 4 spell levels left.
You knew the following spells:

 Your Spells              Type           Power      Damage    Failure   Level
a - Corona                Hex            14%        N/A       4%          1

Your spell library contained the following spells:

 Spells                   Type           Power      Damage    Failure   Level
 Ensorcelled Hibernation  Hex/Ice        14%        N/A       14%         2
 Confusing Touch          Hex            13%        N/A       14%         3
 Tukima's Dance           Hex            13%        N/A       14%         3
 Dazzling Flash           Conj/Hex       14%        N/A       28%         3


Dungeon Overview and Level Annotations

Branches:
Dungeon (1/15)

Altars:


Innate Abilities, Weirdness & Mutations

You are small and have problems with some larger weapons.
You are completely attuned to the shadows.


Message History

You impale the ball python!!
You kill the ball python!
You have reached level 2!
You see here a ball python corpse.
You open the door.
There is an open door here.
A giant cockroach comes into view.
Found 5 gold pieces.
The helpless giant cockroach fails to defend itself.
You puncture the giant cockroach!
You kill the giant cockroach!
You now have 15 gold pieces (gained 5).
A goblin comes into view. It is wielding a +0 club.
The helpless goblin fails to defend itself.
You impale the goblin!!
You kill the goblin!
Found a club.
Things that are here:
a +0 club; a goblin corpse You now have 29 gold pieces (gained 14).
Found a stone staircase leading down.
There is a stone staircase leading down here.
Found an embroidered scarf.
A gnoll comes into view. It is wielding a +0 spear.
The gnoll shouts!
The gnoll completely misses you. The gnoll hits you with a +0 spear!
Ouch! That really hurt!
You see here a scarf of resistance.
You hit the gnoll.
The gnoll is lightly wounded.
The gnoll closely misses you.
Aiming: Corona (safe; 4% risk of failure)
Press: ? - help, Q - select action Shift-Dir - straight line, f - gnoll
Aim: a gnoll, wielding a +0 spear (lightly wounded, chance to affect: 58%)
The gnoll struggles to resist.
The gnoll hits you with a +0 spear.
* * * LOW HITPOINT WARNING * * *
The gnoll hits you from afar with a +0 spear.
You die...

#...)................
################.########
###......#....).....
#>..................
###.##.#.#..........
#.##.#.#.#########
#.##.#.#......#
#.##.#.######.#
#####@.... #.# ...g[.....
#.# .......... #.#
.......... #.# ..........
#.#### ......#... #.....
######


You could see a gnoll.

Vanquished Creatures
  A giant cockroach (D:1)
  2 goblins (D:1)
  2 ball pythons (D:1)
  2 frilled lizards (D:1)
  2 kobolds (D:1)
9 creatures vanquished.

Notes
Turn   | Place    | Note
-------+----------+-------------------------------------------
     0 | D:1      | Thatpatchoflichen the Kobold Enchanter began the quest for
                  | the Orb.
     0 | D:1      | Reached XP level 1. HP: 10/10 MP: 3/3
   206 | D:1      | Reached XP level 2. HP: 15/15 MP: 5/5
   290 | D:1      | Slain by a gnoll

Illustrated notes

Levels and vault maps discovered:
D:1:      dpeg_arrival_boxes_within_box, layout_basic, grunt_decor_one_mirror

Action                   || total
-------------------------++-------
Melee: Dagger            ||    11
 Cast: Corona            ||     3
 Stab: Sleeping          ||     7
Dodge: Dodged            ||     7
